 Dungeon Crawl Stone Soup version 0.32-a0-616-g9348d4545b (webtiles) character file.

Game seed: 6200516333020654774

109 adelrune the Shooter (level 4, 0/35 HPs)
             Began as a Coglin Hunter on Mar 6, 2024.
             Slain by a gnoll
             ... wielding a +0 club
              (3 damage)
             ... on level 3 of the Dungeon.
             The game lasted 00:03:55 (2079 turns).

adelrune the Shooter (Coglin Hunter)                Turns: 2079, Time: 00:03:56

Health: 0/35       AC:  4    Str: 12    XL:     4   Next: 90%
Magic:  4/4        EV: 12    Int:  8    God:
Gold:   120        SH:  0    Dex: 19    Spells: 3/3 levels left

rFire   . . .        a - +2 sling {Olga}
rCold   . . .        d - +0 sling {Edwyna}
rNeg    . . .        c - +0 leather armour
rPois   .            o - +0 helmet
rElec   .            (no cloak)
rCorr   .            (no gloves)
SInv    .            (no boots)
Will    .....        (amulet unavailable)
Stlth   ++           (ring unavailable)
HPRegen 0.25/turn    (ring unavailable)
MPRegen 0.09/turn    (no gizmo)

%: no passive effects
@: revving
A: off-hand wielding, slow wielding, warmup strikes, no jewellery
a: Invent Gizmo


You were on level 3 of the Dungeon.
You visited 1 branch of the dungeon, and saw 4 of its levels.

You collected 120 gold pieces.

Inventory:

Hand Weapons
 a - a +2 sling (weapon) {Olga}
 d - a +0 sling (offhand) {Edwyna}
Armour
 c - a +0 leather armour (worn)
 o - a +0 helmet (worn)
Scrolls
 b - a scroll of butterflies
 e - a scroll of teleportation {unknown}
 f - 5 scrolls of identify {unknown}
 h - a scroll of fog {unknown}
 i - a scroll of amnesia {unknown}
 l - a scroll of immolation {unknown}
Potions
 g - a potion of attraction {unknown}
 j - a potion of invisibility {unknown}
 k - a potion of curing
 m - a potion of enlightenment {unknown}
 n - a potion of berserk rage {unknown}


   Skills:
 + Level 3.0 Fighting
 * Level 4.2 Ranged Weapons
 + Level 2.6 Dodging
 - Level 1.9 Stealth


You had 3 spell levels left.
You didn't know any spells.
Your spell library contained the following spells:

 Spells                   Type           Power      Damage    Failure   Level
 Kiss of Death            Conj/Necr      0%         2d5       50%         1
 Necrotise                Necr           0%         1d4       50%         1
 Ensorcelled Hibernation  Hex/Ice        0%         N/A       63%         2
 Confusing Touch          Hex            0%         N/A       86%         3
 Fugue of the Fallen      Necr           0%         N/A       86%         3
 Gell's Gravitas          Tloc           0%         N/A       86%         3
 Teleport Other           Tloc           0%         N/A       86%         3
 Vampiric Draining        Necr           0%         2d6       86%         3
 Anguish                  Hex/Necr       0%         N/A       99%         4
 Dispel Undead            Necr           0%         3d6       99%         4
 Martyr's Knell           Necr/Summ      0%         N/A       99%         4
 Curse of Agony           Necr           0%         N/A       100%        5
 Dispersal                Tloc           0%         N/A       100%        6


Dungeon Overview and Level Annotations

Branches:
Dungeon (4/15)
 Temple: D:4-7

Altars:

Annotations:
D:3 Sigmund
D:4 Ijyb


Innate Abilities, Weirdness & Mutations

You can wield a second weapon in your off-hand.
It takes a long time for you to wield or remove held weapons.
Your first few attacks do less damage.
You cannot equip rings or amulets.


Message History

The sling bullet hits the gnoll but does no damage.
The gnoll is severely wounded.
You shoot a sling bullet.
The sling bullet completely misses the gnoll.
The sling bullet hits the gnoll.
The gnoll is moderately wounded.
The gnoll hits you with a +0 club.
The gnoll hits you from afar with a +0 spear.
The gnoll closely misses you. The gnoll hits you but does no damage.
You shoot a sling bullet.
The sling bullet closely misses the gnoll.
The sling bullet hits the gnoll.
The gnoll is heavily wounded.
You shoot a sling bullet.
The sling bullet barely misses the gnoll.
The sling bullet hits the gnoll but does no damage.
The gnoll is heavily wounded.
The gnoll hits you with a +0 club! The gnoll closely misses you.
You shoot a sling bullet. The sling bullet hits the gnoll.
The gnoll is almost dead.
You shoot a sling bullet.
The sling bullet barely misses the gnoll.
The sling bullet hits the gnoll.
The gnoll is almost dead.
The gnoll hits you with a +0 club.
The gnoll hits you from afar with a +0 spear.
* * * LOW HITPOINT WARNING * * *
You are too injured to fight recklessly!
You are too injured to fight recklessly!
The gnoll attacks as it pursues you!
The gnoll hits you from afar with a +0 spear.
* * * LOW HITPOINT WARNING * * *
You are too injured to fight recklessly!
The gnoll attacks as it pursues you! The gnoll barely misses you.
The gnoll attacks as it pursues you!
The gnoll hits you from afar with a +0 spear.
* * * LOW HITPOINT WARNING * * *
The gnoll attacks as it pursues you! The gnoll closely misses you.
The gnoll attacks as it pursues you! The gnoll hits you with a +0 club.
You die...

."....# #.......# ......#
#.....).# ......# #.......#
......# #.......# ## #.....#
#.......# .. ##....# ##....### .#
......# #....# .#
##....######....###############..
#....'....'....@g.g.gg.......'>.
###...######....###############..
......# ###### .. ....#.# +#
###.#.# ......# ..#.### ..#.#
....#.#


You could see 4 gnolls.

Vanquished Creatures
  A sleepcap (D:3)
  Robin (D:2)
  2 adders (D:2)
  2 dart slugs (D:1)
  3 endoplasms
  5 giant cockroaches
  5 hobgoblins
  4 jackals (D:1)
  2 kobolds
  2 quokkas
  4 ball pythons
  4 bats
  5 frilled lizards
  7 goblins
  2 rats (D:1)
49 creatures vanquished.

Notes
Turn   | Place    | Note
-------+----------+-------------------------------------------
     0 | D:1      | adelrune the Coglin Hunter began the quest for the Orb.
     0 | D:1      | Reached XP level 1. HP: 16/16 MP: 1/1
   127 | D:1      | Reached skill level 1 in Stealth
   247 | D:1      | Found a faded altar of an unknown god.
   270 | D:1      | Reached XP level 2. HP: 22/22 MP: 2/2
   463 | D:1      | Reached XP level 3. HP: 25/28 MP: 3/3
  1287 | D:2      | Reached skill level 4 in Ranged Weapons
  1293 | D:2      | Reached XP level 4. HP: 34/34 MP: 4/4
  1402 | D:2      | Noticed Robin
  1406 | D:2      | Killed Robin
  1743 | D:3      | Noticed Sigmund
  1964 | D:4      | Noticed Ijyb
  2079 | D:3      | Slain by a gnoll

Illustrated notes

Levels and vault maps discovered:
D:1:      dpeg_arrival_tiny_i, layout_basic, ebering_ecumenical_altar_hall
D:2:      layout_basic, serial_bayou_crossing, uniq_robin
D:3:      layout_basic, uniq_sigmund, uniq_grinder
D:4:      layout_basic, nicolae_ru_sacrificial_ziggurat, serial_shops, shop,
          st_stairs_9, uniq_ijyb, uniq_eustachio, uniq_pargi

Skill      XL: |  1  2  3  4 |
---------------+-------------+-----
Stealth        | 1 |  1.9
Dodging        | 2 |  2.6
Ranged Weapons | 4 |  4.2
Fighting       | 3 |  3.0

Action                     |  1- 3 |  4- 6 || total
---------------------------+-------+-------++-------
   Fire: Sling             |   150 |    92 ||   242
    Use: Potion            |     1 |       ||     1
 Armour: Leather armour    |    16 |    21 ||    37
  Dodge: Dodged            |    20 |    13 ||    33

Table legend: (Time is in decaauts)
 A = Elapsed time spent in this place.
 B = Non-inter-level travel time spent in this place.
 C = Inter-level travel time spent in this place.
 D = Time resting spent in this place.
 E = Time spent auto-exploring this place.
 F = Levels seen in this place.
 G = Mean time per level.
                   A        B        C        D        E       F      G
               +--------+--------+--------+--------+--------+-----+--------+
         Total |   2120 |   2010 |    110 |    192 |   1463 |   4 |  530.0 |
       Dungeon |   2120 |   2010 |    110 |    192 |   1463 |   4 |  530.0 |
               +--------+--------+--------+--------+--------+-----+--------+

Top non-repeatable levels by time:
     D:1: 955 daAuts
     D:2: 887 daAuts
     D:3: 269 daAuts
     D:4: 7 daAuts
